 Dungeon Crawl Stone Soup version 0.30-a0-1160-g6e42c06551 (webtiles) character file.

Game seed: 15484045264520185738

47 Sobieck the Cutter (level 3, -5/19 HPs)
             Began as a Vine Stalker Fighter on Apr 25, 2023.
             Slain by Sigmund
             ... wielding a +0 scythe
              (8 damage)
             ... on level 2 of the Dungeon.
             The game lasted 00:02:20 (905 turns).

Sobieck the Cutter (Vine Stalker Fighter)            Turns: 905, Time: 00:02:20

Health: -5/19      AC:  6    Str: 18    XL:     3   Next: 70%
Magic:  0/4        EV:  9    Int:  8    God:
Gold:   76         SH:  5    Dex: 15    Spells: 2/2 levels left

rFire   . . .        a - +0 rapier {short}
rCold   . . .        c - +0 buckler
rNeg    . . .        b - +0 scale mail
rPois   .            (no helmet)
rElec   .            (no cloak)
rCorr   .            (no gloves)
SInv    .            (no boots)
Will    .....        (no amulet) Stlth
                     (no ring)
HPRegen 0.23/turn    (no ring)
MPRegen 0.09/turn

%: guardian spirit
@: no status effects
A: fangs 2, magic shield, antimagic bite, no potion heal 2
a: no special abilities


You were on level 2 of the Dungeon.
You visited 1 branch of the dungeon, and saw 2 of its levels.

You collected 76 gold pieces.


Innate Abilities, Weirdness & Mutations

You have extremely sharp teeth.
When hurt, damage is shared between your health and your magic reserves.
Your bite disrupts and absorbs the magic of your enemies.
Potions cannot restore your health.


   Skills:
 - Level 2.6 Fighting
 * Level 3.6 Short Blades
 - Level 2.4 Armour
 - Level 2.6 Shields


You had 2 spell levels left.
You didn't know any spells.
Your spell library contained the following spells:

 Spells                   Type           Power      Damage    Failure   Level
 Sandblast                Erth           0%         2d4       87%         1
 Passwall                 Tmut/Erth      0%         N/A       95%         2
 Stone Arrow              Conj/Erth      0%         3d7       99%         3

Inventory:

Hand Weapons
 a - a +0 rapier (weapon) {short}
Missiles
 k - 6 stones (quivered) {throwing}
 o - 4 atropa-tipped darts {throwing}
Armour
 b - a +0 scale mail (worn)
 c - a +0 buckler (worn)
 e - a +0 robe
   (You found it on level 1 of the Dungeon)
 q - a +0 scale mail
   (You found it on level 2 of the Dungeon)
Magical Staves
 g - a staff of fire {!astaff}
   (You found it on level 1 of the Dungeon)
Jewellery
 h - a ring of protection from fire
   (You found it on level 1 of the Dungeon)
 p - a ring of protection from cold
   (You found it on level 2 of the Dungeon)
Scrolls
 j - a scroll of blinking {unknown}
 m - a scroll of brand weapon {unknown}
 r - a scroll of teleportation {unknown}
Potions
 d - 3 potions of might
 f - a potion of invisibility {unknown}
 i - a potion of cancellation {unknown}
 l - a potion of mutation {unknown}
 n - a potion of degeneration {unknown}

Dungeon Overview and Level Annotations

Branches:
Dungeon (2/15) Zot: 11086

Altars:
Elyvilon

Annotations:
D:2 Sigmund

...............#
.......######..#
...............###
##...#.#####......
###.##..........<#
#...##..#####....##
#)#.##..# #.....
#†......#####...{#
#..........# #@#
..._.......# #.######.
........##.#####........
#.....#.##....>).#####.#
#...###.##.#####.# #...#
#.##.#####.#
....###..........##
##.........####>..##
#.#######..........


There were no monsters in sight!


Message History

You escape the ball python's grasp.
The ball python attacks as you move away!
The ball python bites you but does no damage.
Unknown command.
You barely miss the kobold. You bite the kobold.
You kill the kobold!
Unknown command.
You hit the ball python.
You kill the ball python!
The worm bites you.
Things that are here:
a +0 dagger {short}; a ball python corpse; a kobold corpse Unknown command.
You hit the worm. Your bite misses the worm. You barely miss the worm.
You bite the worm. You drain its power.
You feel invigorated. You block the worm's attack.
Unknown command.
You hit the worm. You bite the worm. You drain its power. The worm bites you.
You hit the worm.
You kill the worm!
Unknown command.
Unknown command.
You see here a worm corpse.
A bat and an adder come into view.
The bat barely misses you.
Danger!
You hit the bat.
You kill the bat!
The adder bites you.
You closely miss the adder. The adder misses you. The adder closely misses you.
You hit the adder. The adder barely misses you.
You closely miss the adder. You block the adder's attack.
Unknown command.
You hit the adder. Your bite misses the adder. You block the adder's attack.
The adder completely misses you.
You puncture the adder!
You kill the adder!
You see here an adder corpse.
Unknown command.
Found a stone staircase leading down.
Unknown command.
You now have 76 gold pieces (gained 16).
A ball python comes into view.
The ball python hisses angrily.
Danger!
The ball python bites you but does no damage.
You block the ball python's attack.
You hit the ball python but do no damage.
Your bite misses the ball python.
The ball python bites you but does no damage.
The ball python grabs you. The ball python constricts you.
You barely miss the ball python. You bite the ball python.
You kill the ball python!
No target in view!
No target in view!
Found a stone staircase leading down.
Unknown command.
There is a stone staircase leading down here.
Found a stone staircase leading up.
You see here a +0 whip {mace}.
Unknown command.
Sigmund the Dreaded comes into view.
He is wielding a +0 scythe.
Sigmund shouts!
Danger!
Unknown command.
Sigmund casts a spell at you. The puff of flame misses you.
Unknown command.
You block Sigmund's attack.
Unknown command.
You block Sigmund's attack.
Unknown command.
You hit Sigmund but do no damage.
Unknown command.
You hit Sigmund. Sigmund gestures at you while chanting.
The puff of flame hits you.
Sigmund gestures wildly while chanting.
Sigmund flickers and vanishes!
Deactivating autopickup; reactivate with Ctrl-A.
You miss something. Something hits you!
Unknown command.
You hit something.
Unknown command.
You miss something. Your bite misses something. Something hits you.
* * * LOW HITPOINT WARNING * * *
Unknown command.
You closely miss something. Your bite misses something. Something hits you.
* * * LOW HITPOINT WARNING * * *
You closely miss something.
Unknown command.
You hit something. Your bite misses something. Something hits you.
* * * LOW HITPOINT WARNING * * *
Unknown command.
You closely miss something. Something hits you but does no damage.
Unknown command.
You hit something but do no damage. You closely miss something.
Something hits you!
You die...

Skill      XL: |  1  2 |
---------------+-------+-----
Short Blades   | 2 3 |  3.6
Fighting       | |  2.6
Armour         | |  2.4
Shields        | |  2.6

Action                     || total
---------------------------++-------
  Melee: Rapier            ||    93
         Bite              ||    23
 Armour: Scale mail        ||    30
  Dodge: Dodged            ||    36
  Block: Buckler           ||    18

Levels and vault maps discovered:
D:1:      saegor_arrival_fortress, layout_basic
D:2:      layout_loops_ring, basic_altar, uniq_robin, uniq_sigmund

Notes
Turn   | Place    | Note
-------+----------+-------------------------------------------
     0 | D:1      | Sobieck the Vine Stalker Fighter began the quest for the
                  | Orb.
     0 | D:1      | Reached XP level 1. HP: 11/11 MP: 2/2
    77 | D:1      | Reached skill level 2 in Short Blades
   122 | D:1      | Reached XP level 2. HP: 14/16 MP: 3/3
   356 | D:1      | Reached skill level 3 in Short Blades
   374 | D:1      | Reached XP level 3. HP: 15/19 MP: 4/4
   721 | D:2      | You pick up a book of Geomancy and begin reading...
   721 | D:2      | You add the spells Sandblast, Passwall and Stone Arrow to
                  | your library.
   756 | D:2      | Found a white marble altar of Elyvilon.
   891 | D:2      | Noticed Sigmund
   900 | D:2      | HP: 3/19 [something (2)]
   905 | D:2      | Slain by Sigmund

Vanquished Creatures
  An adder (D:2)
  A worm (D:2)
  2 dart slugs (D:1)
  3 endoplasms (D:1)
  2 giant cockroaches (D:1)
  3 goblins (D:1)
  4 hobgoblins (D:1)
  A quokka (D:2)
  4 ball pythons
  A bat (D:2)
  4 frilled lizards
  3 kobolds
  4 rats
33 creatures vanquished.

Table legend:
 A = Non-vault XP
 B = Vault XP
 C = Vault XP percentage of total XP
 D = Non-vault monster count
 E = Vault monster count
 F = Vault count percentage of total count
                 A         B        C        D         E       F
            +---------+---------+-------+---------+---------+-------
      Total |      68 |       0 |   0.0 |      33 |       0 |   0.0
            +---------+---------+-------+---------+---------+-------
        D:1 |      41 |       0 |   0.0 |      24 |       0 |   0.0
        D:2 |      27 |       0 |   0.0 |       9 |       0 |   0.0
            +---------+---------+-------+---------+---------+-------

Skill      XL: |  1  2 |
---------------+-------+-----
Short Blades   | 2 3 |  3.6
Fighting       | |  2.6
Armour         | |  2.4
Shields        | |  2.6

Action                     || total
---------------------------++-------
  Melee: Rapier            ||    93
         Bite              ||    23
 Armour: Scale mail        ||    30
  Dodge: Dodged            ||    36
  Block: Buckler           ||    18

Illustrated notes

Table legend:
 A = Kills in this place as a percentage of kills in the entire game.
 B = Kills by you in this place as a percentage of kills by you in the entire game.
 C = Kills by friends in this place as a percentage of kills by friends in the entire game.
 D = Other kills in this place as a percentage of other kills in the entire game.
 E = Experience gained in this place as a percentage of experience gained in the entire game.
 F = Experience gained in this place divided by the number of levels of this place that you have seen.
                   A       B       C       D       E      F
               +-------+-------+-------+-------+-------+----------------------
         Total | 100.0 | 100.0 |   N/A |   N/A | 100.0 |  34.0
       Dungeon | 100.0 | 100.0 |   N/A |   N/A | 100.0 |  34.0
               +-------+-------+-------+-------+-------+----------------------

Table legend: (Time is in decaauts)
 A = Elapsed time spent in this place.
 B = Non-inter-level travel time spent in this place.
 C = Inter-level travel time spent in this place.
 D = Time resting spent in this place.
 E = Time spent auto-exploring this place.
 F = Levels seen in this place.
 G = Mean time per level.
                   A        B        C        D        E       F      G
               +--------+--------+--------+--------+--------+-----+--------+
         Total |    912 |    899 |     13 |      7 |    679 |   2 |  456.0 |
       Dungeon |    912 |    899 |     13 |      7 |    679 |   2 |  456.0 |
               +--------+--------+--------+--------+--------+-----+--------+

Top non-repeatable levels by time:
     D:1: 704 daAuts
     D:2: 207 daAuts
